 Dungeon Crawl Stone Soup version 0.19.0-2-gae57169 (webtiles) character file.

9072 kae the Basher (level 11, 0/89 HPs)
             Began as a Formicid Fighter on Nov 5, 2016.
             Was a Priest of Qazlal.
             Slain by an orc warrior
             ... wielding a +0 battleaxe of electrocution
              (11 damage)
             ... on level 11 of the Dungeon.
             The game lasted 00:14:35 (10757 turns).

kae the Basher (Formicid Fighter)                  Turns: 10757, Time: 00:14:35

Health: 0/89       AC: 13    Str: 23    XL:     11   Next: 67%
Magic:  14/14      EV:  8    Int:  8    God:    Qazlal [***...]
Gold:   743        SH: 16    Dex: 11    Spells: 0 memorised, 10 levels left

rFire  + . .     SeeInvis +     a - +1 flail
rCold  . . .     Gourm    .     b - +0 scale mail
rNeg   . . .     Faith    .     c - +0 shield
rPois  +         Spirit   .     (helmet unavailable)
rElec  .         Reflect  +     q - +2 cloak
rCorr  +         Harm     .     (no gloves)
MR     +....                    (no boots)
Stlth  ..........               y - +3 amulet of reflection
                                (no ring)
                                A - ring of resist corrosion

@: no status effects
A: permanent stasis, dig shafts and tunnels, four strong arms, antennae 3,
iridescent scales 1, fire resistance 1, low mp 1, poison resistance, shaggy fur
1
a: Dig, Shaft Self, Upheaval, Elemental Force, Renounce Religion


You were on level 11 of the Dungeon.
You worshipped Qazlal.
Qazlal was most pleased with you.
You were not hungry.

You visited 1 branch of the dungeon, and saw 11 of its levels.
You also visited: Labyrinth and Ossuary.

You collected 743 gold pieces.

Inventory:

Hand Weapons
 a - a +1 flail (weapon)
Armour
 b - a +0 scale mail (worn)
 c - a +0 shield (worn)
 q - a +2 cloak (worn)
 Q - a +0 plate armour of cold resistance
Rods
 O - a +8 iron rod (10/10)
   (You found it in a labyrinth)
Jewellery
 k - an uncursed ring of ice
 y - a +3 amulet of reflection (around neck)
 A - a ring of resist corrosion (left hand)
 I - the ring of a Hundred Souls {Dex+5 SInv, unknown}
   (You took it off a minotaur in a labyrinth)

   [ring of see invisible]

   It affects your dexterity (+5).
   It lets you see invisible.
Wands
 u - a wand of iceblast (5/15)
 B - a wand of iceblast (14/15)
 J - a wand of confusion (31/48)
 M - a wand of flame (15/48)
Scrolls
 d - a scroll of identify
 h - a scroll of immolation
 l - 5 scrolls of remove curse
 m - a scroll of recharging
 n - a scroll of noise
 o - 2 scrolls of magic mapping
 r - 2 scrolls of fear
 s - a scroll of amnesia
 v - 2 scrolls of fog
 x - a scroll of enchant weapon
Potions
 e - 4 potions of brilliance
 j - a potion of resistance
 p - 2 potions of heal wounds
 t - a potion of magic
 w - a potion of curing
 z - 3 potions of agility
 C - a potion of cure mutation
 E - a potion of invisibility
 F - a potion of lignification
 G - a potion of cancellation {unknown}
 L - 2 potions of flight
Books
 D - the Grimoire of Dusty Beguiling
   (You found it on level 4 of the Dungeon)

   Spells                             Type                      Level
   a - Slow                           Hexes                        2
   b - Gell's Gravitas                Hexes/Translocation          3
   c - Lee's Rapid Deconstruction     Earth                        5
 H - the Catalogue of Entrancing Protection
   (You found it on level 5 of the Dungeon)

   Spells                             Type                      Level
   a - Corona                         Hexes                        1
   b - Repel Missiles                 Charms/Air                   2
   c - Swiftness                      Charms/Air                   2
   d - Summon Guardian Golem          Hexes/Summoning              3
   e - Iskenderun's Battlesphere      Conjuration/Charms           5
   f - Ring of Flames                 Charms/Fire                  7
 K - a book of Battle

   Spells                             Type                      Level
   a - Infusion                       Charms                       1
   b - Shroud of Golubria             Charms/Translocation         2
   c - Song of Slaying                Charms                       2
   d - Spectral Weapon                Hexes/Charms                 3
   e - Regeneration                   Charms/Necromancy            3
 P - a book of Burglary

   Spells                             Type                      Level
   a - Swiftness                      Charms/Air                   2
   b - Passwall                       Transmutation/Earth          2
   c - Passage of Golubria            Translocation                4
   d - Lee's Rapid Deconstruction     Earth                        5
   e - Darkness                       Hexes                        6
   f - Invisibility                   Hexes                        6
Miscellaneous
 R - a disc of storms
Comestibles
 f - 7 bread rations
 g - 4 meat rations
 i - 5 fruits
 N - a royal jelly


   Skills:
 - Level 9.0 Fighting
 * Level 14.0 Maces & Flails
 - Level 3.2 Armour
 - Level 3.6 Shields
 + Level 7.5 Invocations


You had 10 spell levels left.
You didn't know any spells.

Dungeon Overview and Level Annotations

Branches:
Dungeon (11/15)            Temple (0/1) D:6            Lair (0/6) D:10
    Orc: D:9-12

Altars:
Ashenzari
Qazlal
Ru
Sif Muna
Trog
Uskayaw
Xom
Beogh

Shops:
D:4 }

Annotations:
D:11 Fannar


Innate Abilities, Weirdness & Mutations

You are under a permanent stasis effect.
You can dig through walls and to a lower floor.
Your four strong arms can wield two-handed weapons with a shield.
You have a pair of large antennae on your head. (SInv)
You are partially covered in iridescent scales. (AC +2)
Your flesh is heat resistant. (rF+)
Your magical capacity is low. (-10% MP)
Your system is resistant to poisons. (rPois)
You are covered in fur. (AC +1)


Message History

You hit the orc warrior.
The orc warrior is moderately wounded.
You closely miss the orc warrior.
The orc warrior is moderately wounded.
You block the orc warrior's attack.
You hit the orc warrior but do no damage.
The orc warrior is moderately wounded.
You hit the orc warrior.
The orc warrior is moderately wounded.
You block the orc warrior's attack.
You hit the orc warrior.
The orc warrior is heavily wounded.
You hit the orc warrior.
The orc warrior is heavily wounded.
The orc warrior hits you with a battleaxe of electrocution!!
* * * LOW HITPOINT WARNING * * *
You hit the orc warrior but do no damage.
The orc warrior is heavily wounded.
The orc warrior hits you with a battleaxe of electrocution!
You die...

### ####### ###
##@# #.....# .... {
#o####.....#
o.o..{###{{.'.....#
o...{{#{{{###.....#
.oo.{{{{### #.....#
{o.o.{{### #.....#
.....{ #.....# ####
#.^...# ##'####


You could see an orc warrior.

Vanquished Creatures
  A minotaur (Lab)
  A hill giant (D:11)
  A cyclops (D:11)
  An elephant (D:9)
  A troll (D:11)
  Grinder (D:6)
  A hornet (D:11)
  2 hippogriffs
  7 yaks
  Eustachio (D:4)
  A water moccasin (D:8)
  2 ice beasts (D:8)
  A phantom (D:11)
  3 sky beasts
  2 black bears
  5 orc warriors
  An ogre (D:10)
  A centaur (D:5)
  3 crocodiles
  A gnoll sergeant (D:7)
  6 bullfrogs
  12 scorpions
  6 killer bees
  5 wights (D:6)
  3 crimson imps
  2 hounds (D:7)
  3 bullfrog zombies
  3 human zombies (Ossuary)
  A jelly (D:8)
  5 orc priests
  3 bullfrog skeletons
  8 orc wizards
  A gnoll shaman (D:8)
  Natasha (D:3)
  3 iguanas
  5 worker ants
  3 big kobold zombies (Ossuary)
  3 mummies (Ossuary)
  A worker ant zombie (D:9)
  Robin (D:3)
  14 gnolls
  3 scorpion zombies (Ossuary)
  10 adders
  An ooze (D:3)
  2 adder skeletons
  5 worms
  2 dart slugs
  4 leopard geckos
  15 orcs
  2 ball pythons
  2 giant cockroaches
  2 gnoll zombies (Ossuary)
  15 hobgoblins
  5 jackals
  2 quokkas
  13 bats
  3 frilled lizards
  19 goblins
  A goblin zombie (Ossuary)
  2 hobgoblin zombies (Ossuary)
  4 kobolds
  A kobold zombie (Ossuary)
  2 orc zombies (Ossuary)
  5 rats
246 creatures vanquished.

Vanquished Creatures (others)
  3 centaurs
  A centaur zombie (Ossuary)
4 creatures vanquished.

Grand Total: 250 creatures vanquished

Notes
Turn   | Place    | Note
-------+----------+-------------------------------------------
     0 | D:1      | kae the Formicid Fighter began the quest for the Orb.
     0 | D:1      | Reached XP level 1. HP: 18/18 MP: 1/1
   132 | D:1      | Reached XP level 2. HP: 20/24 MP: 2/2
   545 | D:1      | Reached skill level 3 in Maces & Flails
   590 | D:1      | Reached XP level 3. HP: 25/29 MP: 3/3
  1105 | D:2      | Gained mutation: Your magical capacity is low. (-10% MP) [potion of mutation]
  1105 | D:2      | Gained mutation: You are partially covered in iridescent scales. (AC +2) [potion of mutation]
  1105 | D:2      | Gained mutation: Your system is resistant to poisons. (rPois) [potion of mutation]
  1108 | D:2      | HP: 1/30 [poisoned by an adder]
  1450 | D:2      | Reached XP level 4. HP: 29/37 MP: 3/3
  1545 | D:2      | Found a sacrificial altar of Ru.
  1593 | D:2      | Found a shattered altar of Ashenzari.
  1602 | D:2      | Reached skill level 4 in Maces & Flails
  1730 | D:2      | Reached XP level 5. HP: 36/42 MP: 4/4
  2153 | D:3      | Found a deep blue altar of Sif Muna.
  2544 | D:3      | Noticed Robin
  2547 | D:3      | Reached XP level 6. HP: 49/49 MP: 5/5
  2570 | D:3      | Reached skill level 5 in Maces & Flails
  2585 | D:3      | Killed Robin
  3016 | D:3      | Noticed Natasha
  3025 | D:3      | Killed Natasha
  3188 | D:4      | Noticed a hippogriff
  3203 | D:4      | Killed a hippogriff
  3203 | D:4      | Reached skill level 5 in Fighting
  3203 | D:4      | Reached skill level 6 in Maces & Flails
  3203 | D:4      | Reached XP level 7. HP: 36/56 MP: 6/6
  3399 | D:4      | Found a sand-covered staircase.
  3420 | Ossuary  | Entered an ossuary
  3550 | Ossuary  | Reached skill level 7 in Maces & Flails
  3559 | Ossuary  | Reached XP level 8. HP: 60/64 MP: 7/7
  4072 | Ossuary  | Reached skill level 8 in Maces & Flails
  4367 | D:4      | Found Qexzyq's Gadget Shoppe.
  4436 | D:4      | Identified the Grimoire of Dusty Beguiling
  4442 | D:4      | Noticed Eustachio
  4488 | D:4      | Killed Eustachio
  4518 | D:4      | Reached XP level 9. HP: 64/72 MP: 8/8
  4603 | D:5      | Entered Level 5 of the Dungeon
  4630 | D:5      | Reached skill level 9 in Maces & Flails
  4804 | D:5      | Identified the Catalogue of Entrancing Protection
  5025 | D:6      | Noticed Grinder
  5048 | D:6      | Killed Grinder
  5352 | D:6      | Found a stormy altar of Qazlal.
  5385 | D:6      | Became a worshipper of Qazlal Stormbringer
  5433 | D:6      | Reached skill level 10 in Maces & Flails
  5967 | D:6      | Found a staircase to the Ecumenical Temple.
  6364 | D:7      | Found a hide-covered altar of Uskayaw.
  6364 | D:7      | Noticed a dagger
  6364 | D:7      | Noticed an enchanted hand axe
  6417 | D:7      | Gained mutation: You are covered in fur. (AC +1) [potion of beneficial mutation]
  6607 | D:7      | Found a shimmering altar of Xom.
  6626 | D:7      | Reached * piety under Qazlal
  6867 | D:8      | Reached XP level 10. HP: 82/82 MP: 9/9
  6886 | D:8      | Reached skill level 11 in Maces & Flails
  7240 | D:8      | Reached skill level 1 in Invocations
  7567 | D:9      | Reached ** piety under Qazlal
  8008 | D:9      | Reached skill level 12 in Maces & Flails
  8113 | D:9      | Found a bloodstained altar of Trog.
  8143 | D:10     | Entered Level 10 of the Dungeon
  8146 | D:10     | Noticed an elephant
  8167 | D:9      | Killed an elephant
  8546 | D:10     | Found a staircase to the Lair.
  8838 | D:10     | Reached skill level 5 in Invocations
  8838 | D:10     | Reached XP level 11. HP: 89/89 MP: 13/13
  9254 | D:11     | Gained mutation: Your flesh is heat resistant. (rF+) [potion of beneficial mutation]
  9263 | D:11     | Noticed Fannar
  9263 | D:11     | Noticed a four-headed hydra
  9322 | D:11     | Noticed a cyclops
  9341 | D:11     | Killed a cyclops
  9341 | D:11     | Reached skill level 13 in Maces & Flails
  9530 | D:11     | Noticed a hill giant
  9539 | D:11     | Killed a hill giant
  9539 | D:11     | Reached *** piety under Qazlal
  9540 | D:11     | Found a labyrinth entrance.
  9598 | Lab      | Entered a labyrinth
 10165 | Lab      | Noticed a minotaur
 10203 | Lab      | Killed a minotaur
 10346 | Lab      | Got a heavily runed iron ring
 10709 | D:11     | Found a roughly hewn altar of Beogh.
 10732 | D:11     | Reached skill level 14 in Maces & Flails
 10757 | D:11     | Slain by an orc warrior

Skill      XL: |  1  2  3  4  5  6  7  8  9 10 11 |
---------------+----------------------------------+-----
Maces & Flails | 3 4 6 7 8 10 12 14 | 14.0
Fighting       | 4 5 7 8 9 |  9.0
Invocations    | 5 7 |  7.5
Armour         | |  3.2
Shields        | |  3.6

Action                   |  1- 3 |  4- 6 |  7- 9 | 10-12 || total
-------------------------+-------+-------+-------+-------++-------
Melee: Flail             |   135 |   222 |   446 |   437 ||  1240
 Abil: Dig               |       |     3 |     5 |     8 ||    16
  Use: Potion            |     2 |       |     2 |     2 ||     6
       Scroll            |       |       |    18 |     5 ||    23
 Stab: Paralysed         |       |     1 |       |       ||     1
  Eat: Chunk             |     1 |     7 |    11 |    10 ||    29
       Beef jerky        |       |       |     1 |       ||     1
       Bread ration      |       |       |       |     1 ||     1
Armor: Scale mail        |    91 |   102 |   131 |    83 ||   407
       Skin              |       |       |       |    17 ||    17
Dodge: Dodged            |    56 |    80 |    91 |    60 ||   287
Block: Shield            |   114 |   126 |   223 |   252 ||   715
       Reflection        |       |       |     7 |     2 ||     9
